 Dungeon Crawl Stone Soup version 0.28.0 (webtiles) character file.

Game seed: 16570655412836216192

4669 egresovca the Magician (level 10, -6/73 HPs)
             Began as a Demonspawn Conjurer on Feb 10, 2022.
             Was an Initiate of Gozag.
             Mangled by a hornet (15 damage)
             ... on level 8 of the Dungeon on Feb 12, 2022.
             The game lasted 00:21:47 (11284 turns).

egresovca the Magician (Demonspawn Conjurer)       Turns: 11284, Time: 00:21:48

Health: -6/73      AC:  3    Str:  7    XL:     10   Next: 20%
Magic:  7/20       EV: 12    Int: 29    God:    Gozag
Gold:   872        SH:  0    Dex: 13    Spells: 3/22 levels left

rFire   . . .      SeeInvis .   b - staff of cold
rCold   + . .      Faith    .   (no shield)
rNeg    . . .      Spirit   .   q - +0 leather armour
rPois   .          Reflect  .   (no helmet)
rElec   .          Harm     .   (no cloak)
rCorr   .          Rampage  .   (no gloves)
Will    .....                   (no boots)
Stlth   ++........              g - amulet of regeneration
HPRegen 1.02/turn               (no ring)
MPRegen 0.17/turn               (no ring)

@: lethally poisoned (-6 -> -6), slowed, very slow
A: claws 2, powered by pain 1, big brain 3
a: Renounce Religion, Potion Petition, Call Merchant, Bribe Branch


You were on level 8 of the Dungeon.
You worshipped Gozag.
Gozag was pleased with you.
You visited 2 branches of the dungeon, and saw 9 of its levels.
You also visited: Sewer.

You collected 881 gold pieces.
You paid 9 gold pieces to Gozag.

Inventory:

Hand Weapons
 a - the +8 mace "Owisk" {vorpal, *Rage rN+ Int+4}
   (You found it on level 7 of the Dungeon)

   It inflicts extra damage upon your enemies.
   Int:       It affects your intelligence (+4).
   rN:        It protects you from negative energy.
   *Rage:     It berserks you when you make melee attacks (+20% chance).
 c - a +0 dagger
 D - a +1 dagger of flaming
 E - a +3 flail of freezing
Missiles
 y - 24 poisoned darts
 H - a throwing net
Armour
 q - a +0 leather armour (worn)
 x - a +2 ring mail of cold resistance
Magical Staves
 b - a staff of cold (weapon)
Jewellery
 g - an amulet of regeneration (around neck)
 j - an amulet of magic regeneration
 B - the ring of the Quahog {Fire Str-4 Dex+6 Slay+2 Stlth+}
   (You found it on level 5 of the Dungeon)

   [ring of fire]

   It enhances your fire magic.
   Str:       It affects your strength (-4).
   Dex:       It affects your dexterity (+6).
   Slay:      It affects your accuracy & damage with ranged weapons and melee
   (+2).
   rF:        It protects you from fire.
   rC:        It makes you vulnerable to cold.
   Stlth:     It makes you more stealthy.
Wands
 G - a wand of acid (7)
 I - a wand of digging (1)
Scrolls
 e - 4 scrolls of teleportation
 f - 2 scrolls of vulnerability
 k - 2 scrolls of fog
 l - a scroll of amnesia
 r - 4 scrolls of identify
 t - a scroll of torment
 v - a scroll of enchant armour
 C - a scroll of fear
 F - a scroll of immolation
Potions
 d - 3 potions of attraction
 h - 2 potions of brilliance
 i - 2 potions of mutation
 m - a potion of might {unknown}
 n - a potion of ambrosia
 o - 2 potions of flight
 p - 2 potions of invisibility {unknown}
 s - a potion of experience {unknown}
 u - 6 potions of curing
 A - 2 potions of magic {unknown}


   Skills:
 + Level 4.6 Fighting
 + Level 4.2 Dodging
 - Level 1.7 Stealth
 - Level 3.9 Unarmed Combat
 + Level 6.9 Spellcasting
 - Level 6.2 Conjurations
 + Level 5.1 Hexes
 * Level 4.3 Summonings
 * Level 5.4 Ice Magic


You had 3 spell levels left.
You knew the following spells:

 Your Spells              Type           Power      Damage    Failure   Level
a - Magic Dart            Conj           100%       1d8       1%          1
b - Searing Ray           Conj           92%        2d7       1%          2
c - Fulminant Prism       Conj/Hex       21%        3d13      3%          4
d - Ozocubu's Refrigerat  Ice            29%        4d10      93%         7
l - Summon Mana Viper     Hex/Summ       37%        N/A       12%         5

Your spell library contained the following spells:

 Spells                   Type           Power      Damage    Failure   Level
 Call Imp                 Summ           35%        N/A       1%          2
 Call Canine Familiar     Summ           35%        N/A       1%          3
 Dazzling Flash           Conj/Hex       86%        N/A       1%          3
 Ozocubu's Armour         Ice            58%        N/A       1%          3
 Conjure Flame            Conj/Fire      28%        6-21      2%          3
 Beastly Appendage        Tmut           20%        N/A       3%          1
 Portal Projectile        Hex/Tloc       50%        N/A       3%          3
 Wereblood                Tmut           10%        N/A       4%          2
 Mephitic Cloud           Conj/Pois/Air  22%        N/A       4%          3
 Ignite Poison            Fire/Tmut/Pois 10%        N/A       10%         3
 Spider Form              Tmut/Pois      10%        N/A       10%         3
 Summon Ice Beast         Ice/Summ       55%        N/A       4%          4
 Iskenderun's Mystic Bla  Conj/Tloc      28%        2d7       9%          4
 Sticky Flame             Conj/Fire      28%        2d5       9%          4
 Leda's Liquefaction      Hex/Erth       12%        N/A       11%         4
 Monstrous Menagerie      Summ           17%        N/A       98%         7


Dungeon Overview and Level Annotations

Branches:
Dungeon (8/15)             Temple (1/1) D:4           Sewer (visited)
   Lair: D:8-11

Altars:
Ashenzari
Cheibriados
Dithmenos
Elyvilon
Fedhas
Gozag
Hepliaklqana
Makhleb
Nemelex Xobeh
Okawaru
Qazlal
Ru
Sif Muna
Trog
Uskayaw
Vehumet
Wu Jian
Xom
Yredelemnul
Zin

Shops:
D:6 *

Annotations:
D:2 exclusion: downstairs


Innate Abilities, Weirdness & Mutations

You have very sharp fingernails.
You sometimes gain a little power by taking damage.
You have an absolutely massive brain. (Int +6, Wiz)


Message History

The hornet barely misses your mana viper.
The searing ray hits the hornet.
The hornet is severely wounded.
You finish channelling your searing ray.
You feel sick.
Your mana viper misses the hornet.
The hornet stings you.
You feel yourself slow down.
Your mana viper closely misses the hornet.
The hornet stings you.
You are more poisoned.
You feel as though you will be slow longer.
You feel very sick.
Your mana viper disappears in a puff of smoke!
The hornet stings you!
You feel as though you will be slow longer.
The hornet completely misses you.
Aiming: Searing Ray (safe; 1% risk of failure)
Press: ? - help, Q - select action, (/) - cycle Shift-Dir - straight line, f/p - hornet
Aim: a hornet (severely wounded, 73% to hit)
The searing ray misses the hornet. (Press . to maintain the ray.)
You feel sick. The hornet stings you.
You feel as though you will be slow longer.
The hornet stings you!
* * * LOW HITPOINT WARNING * * *
You suddenly lose the ability to move!
You can move again.
Unknown command.
You feel sick. The hornet stings you.
* * * LOW HITPOINT WARNING * * *
You feel as though you will be slow longer.
The hornet stings you.
* * * LOW HITPOINT WARNING * * *
You feel as though you will be slow longer.
Unknown command.
You feel sick. The hornet stings you.
* * * LOW HITPOINT WARNING * * *
You feel as though you will be slow longer.
The hornet barely misses you. The hornet stings you!
You die...
Your body crumbles into a pile of gold.

#.... .##.# #.... .....
#.... #...# #.... ###
###..####.... #$.
#............ $ #..##
#.....#...... #..##
##............
#.@###)(..........<
.####..y..$[.).#.....[[
..........$.>#...[[[...
.####.......$.[..).....
#...#########......
...####.###..##(((##...<.
#).....#...##(#(#.#.....
######.'._.#...#((#..(..
#.#...##.#.#.#.....


You could see a hornet and a +0 short sword.

Vanquished Creatures
  Eustachio (D:4)
  A water moccasin (D:6)
  3 orc warriors (D:7)
  Pargi (Sewer)
  3 ice beasts (D:5)
  A black bear (D:6)
  4 ogres
  A necrophage (D:6)
  A phantom (D:6)
  A kobold brigand (D:6)
  Blork the orc (D:5)
  A bullfrog (D:8)
  A scorpion (D:4)
  A wyvern zombie (D:7)
  A wyvern skeleton (D:5)
  2 killer bees (D:8)
  A wight (D:8)
  A centaur zombie (D:5)
  3 hounds
  An orc priest (D:4)
  6 iguanas
  Natasha (thrice) (D:3)
  2 orc wizards
  A scorpion zombie (D:5)
  A killer bee zombie (D:6)
  A howler monkey skeleton (D:4)
  7 gnolls
  2 river rats (D:4)
  9 adders
  A shadow imp (D:6)
  A white imp (D:6)
  2 adder skeletons (D:4)
  3 worms
  2 dart slugs
  16 orcs
  4 endoplasms
  4 giant cockroaches
  7 goblins
  7 hobgoblins
  4 jackals (D:2)
  12 kobolds
  7 quokkas
  3 ball pythons
  3 bats
  3 frilled lizards
  10 rats
  A fulminant prism (D:6)
152 creatures vanquished.

Vanquished Creatures (collateral kills)
  Joseph (D:7)
  Menkaure (D:7)
  An acid dragon (D:8)
  A hornet zombie (D:7)
  An orc warrior (D:8)
  An ogre (D:6)
  A necrophage (D:7)
  3 centaurs
  A phantom (D:7)
  2 wyvern zombies
  A bullfrog (D:6)
  A gnoll sergeant (D:8)
  A killer bee (D:7)
  3 wights (D:8)
  A howler monkey (D:8)
  A centaur zombie (D:8)
  2 jellies (D:7)
  A centaur skeleton (D:7)
  Crazy Yiuf (D:7)
  3 orc wizards
  A killer bee zombie (D:7)
  A gnoll (D:8)
  7 orcs
37 creatures vanquished.

Vanquished Creatures (others)
  32 fulminant prisms
  4 fungi (D:7)
  12 plants (D:2)
48 creatures vanquished.

Grand Total: 237 creatures vanquished

Notes
Turn   | Place    | Note
-------+----------+-------------------------------------------
     0 | D:1      | egresovca the Demonspawn Conjurer began the quest for the
                  | Orb.
     0 | D:1      | Reached XP level 1. HP: 13/13 MP: 3/3
   222 | D:1      | Found a faded altar of an unknown god.
   524 | D:1      | Gained mutation: You have sharp fingernails. [demonic
                  | ancestry]
   524 | D:1      | Reached XP level 2. HP: 19/19 MP: 1/5
   527 | D:1      | Learned a level 2 spell: Searing Ray
  1588 | D:2      | Gained mutation: You have very sharp fingernails. [demonic
                  | ancestry]
  1588 | D:2      | Reached XP level 3. HP: 19/24 MP: 0/6
  2451 | D:3      | Reached XP level 4. HP: 24/30 MP: 5/8
  2478 | D:2      | Reached skill level 1 in Unarmed Combat
  2586 | D:3      | Reached skill level 5 in Conjurations
  3362 | D:3      | Found a broken altar of Ashenzari.
  3472 | D:3      | Reached XP level 5. HP: 32/35 MP: 7/10
  3490 | D:3      | Noticed Natasha
  3493 | D:3      | Killed Natasha
  3557 | D:3      | Found an iron altar of Okawaru.
  3614 | D:3      | Found a broken altar of Ashenzari.
  3694 | D:3      | Noticed Natasha
  3698 | D:3      | Killed Natasha
  3923 | D:3      | Noticed Natasha
  3934 | D:3      | Killed Natasha
  4629 | D:4      | Found a glowing drain.
  4636 | Sewer    | Entered a sewer
  4770 | Sewer    | Gained mutation: You have an unusually large brain. (Int
                  | +2) [demonic ancestry]
  4770 | Sewer    | Reached XP level 6. HP: 41/41 MP: 9/12
  4828 | Sewer    | Noticed Pargi
  4835 | Sewer    | Killed Pargi
  5335 | D:3      | Reached skill level 5 in Spellcasting
  5335 | D:3      | Gained mutation: You have an extremely huge brain. (Int +4)
                  | [demonic ancestry]
  5335 | D:3      | Reached XP level 7. HP: 7/46 MP: 2/14
  5677 | D:4      | Found a staircase to the Ecumenical Temple.
  5683 | D:4      | Noticed Eustachio
  5686 | Temple   | Entered the Ecumenical Temple
  5751 | Temple   | Became a worshipper of Gozag Ym Sagoz the Greedy
  6264 | D:4      | Killed Eustachio
  6611 | D:5      | Entered Level 5 of the Dungeon
  6620 | D:5      | Noticed Blork the orc
  6627 | D:5      | Learned a level 4 spell: Fulminant Prism
  6636 | D:5      | Killed Blork the orc
  6637 | D:5      | Reached skill level 1 in Hexes
  6762 | D:5      | Reached skill level 1 in Fighting
  6956 | D:5      | Gained mutation: You have an absolutely massive brain. (Int
                  | +6, Wiz) [demonic ancestry]
  6956 | D:5      | Reached XP level 8. HP: 52/54 MP: 8/16
  7131 | D:5      | Found a snail-covered altar of Cheibriados.
  7374 | D:5      | Identified the ring of the Quahog {Fire Str-4 Dex+6 Slay+2
                  | Stlth+}
  7489 | D:5      | Reached skill level 1 in Ice Magic
  8345 | D:6      | Found Zin's Purification Station.
  8418 | D:6      | Reached XP level 9. HP: 47/64 MP: 6/18
  8647 | D:6      | Learned a level 7 spell: Ozocubu's Refrigeration
  8684 | D:6      | Learned a level 5 spell: Summon Mana Viper
  9009 | D:6      | Reached skill level 1 in Summonings
  9268 | D:7      | Identified the +8 mace "Owisk" {vorpal, *Rage rN+ Int+4}
  9428 | D:7      | Noticed Menkaure
  9439 | D:7      | Killed Menkaure
  9688 | D:7      | Noticed Joseph
  9721 | D:7      | Killed Joseph
 10097 | D:7      | Found a bloodstained altar of Trog.
 10474 | D:7      | Found a runed translucent door.
 10474 | D:7      | Noticed Crazy Yiuf
 10478 | D:7      | Killed Crazy Yiuf
 10479 | D:7      | Reached skill level 5 in Ice Magic
 10668 | D:8      | Noticed a +0 short sword
 10668 | D:8      | Noticed a +0 dagger
 10669 | D:8      | Noticed a +0 spear
 10671 | D:8      | Noticed a +0 falchion
 10671 | D:8      | Noticed a +0 spear
 10789 | D:8      | Gained mutation: You sometimes gain a little power by
                  | taking damage. [demonic ancestry]
 10789 | D:8      | Reached XP level 10. HP: 63/73 MP: 15/20
 10853 | D:8      | Noticed a +0 falchion
 10855 | D:8      | Noticed a +0 short sword
 10863 | D:8      | Noticed a +0 dagger
 10878 | D:8      | Found a hide-covered altar of Uskayaw.
 10913 | D:8      | Reached skill level 5 in Hexes
 11038 | D:8      | Identified the +0 ring mail of Misanthropy {-Cast +Inv
                  | Dex+2}
 11282 | D:8      | Paralysed by a hornet for 1 turns
 11284 | D:8      | Mangled by a hornet

Illustrated notes

Levels and vault maps discovered:
D:1:      ebering_trefoil_3fold, layout_loops_corners,
          ebering_ecumenical_altar_mist, wad_woods_river_04,
          hangedman_glass_teeth
D:2:      layout_loops_cross, serial_bayou_lagoon_b
D:3:      layout_loops_ring, okawaru_altar_gauntlet_db,
          mainiacjoe_overflow_tiny_flanked, chequers_mini_garden, uniq_natasha
D:4:      layout_cave_pods, minmay_temple_entry_ruins,
          lightli_sewer_entry_pipes, uniq_eustachio
D:5:      layout_cave_pools, slow_altar_1, minmay_misc_feat_cross,
          uniq_blork_the_orc
D:6:      black_bear_nest_2, layout_cave_pools, zin_purify
D:7:      layout_basic, trog_antimagical, uniq_menkaure, uniq_joseph,
          uniq_crazy_yiuf_cottage
D:8:      layout_rooms, kennysheep_vampire_church, nicolae_uskayaw_en_pointe,
          mainiacjoe_overflow_24_doors, corner_web_ring, minmay_bent
Temple:   eino_temple_lava

Skill      XL: |  1  2  3  4  5  6  7  8  9 10 |
---------------+-------------------------------+-----
Spellcasting   | 3 4 5 6 |  6.9
Unarmed Combat | 1 2 3 |  3.9
Conjurations   | 5 6 |  6.2
Hexes          | 2 3 4 5 |  5.1
Fighting       | 1 3 4 |  4.6
Dodging        | 3 4 |  4.2
Ice Magic      | 3 5 |  5.4
Summonings     | 3 4 |  4.3
Stealth        | |  1.7

Action                   |  1- 3 |  4- 6 |  7- 9 | 10-12 || total
-------------------------+-------+-------+-------+-------++-------
Melee: Dagger            |     4 |    20 |       |       ||    24
       Unarmed           |       |     8 |    59 |       ||    67
       Staff             |       |       |    13 |     1 ||    14
 Cast: Magic Dart        |    16 |     7 |       |       ||    23
       Searing Ray       |    20 |    39 |    30 |     3 ||    92
       Fulminant Prism   |       |       |    28 |     5 ||    33
       Summon Mana Viper |       |       |    20 |     7 ||    27
  Use: Scroll            |       |       |    18 |       ||    18
 Stab: Sleeping          |     1 |       |       |       ||     1
       Distracted        |       |       |     2 |       ||     2
Armor: Leather armour    |     1 |    17 |    39 |    14 ||    71
Dodge: Dodged            |     7 |    32 |    99 |    33 ||   171
